 Dungeon Crawl Stone Soup version 0.32-a0-630-g46d191b0ed (webtiles) character file.

Game seed: 4352884117826401117

86879 zenocrate the Fighter (level 15, -27/112 (118) HPs)
             Began as an Octopode Earth Elementalist on Mar 6, 2024.
             Was an Initiate of Gozag.
             Killed from afar by a deep elf elementalist (49 damage)
             ... with a blast of rock fragments
             ... on level 1 of the Elven Halls.
             The game lasted 01:03:23 (32747 turns).

zenocrate the Fighter (OpEE)                       Turns: 32747, Time: 01:03:23

HP:   -27/112 (118) AC:  3    Str: 17    XL:     15   Next: 88%
MP:   23/29         EV: 30    Int: 28    God:    Gozag
Gold: 82            SH:  0    Dex: 20    Spells: 4/35 levels left

rFire   + .          .
                       - Unarmed
rCold   + + +        A - crystal ball of Wucad Mu {*channel}
rNeg    . . .        s - +2 hat {Int+3}
rPois   +            G - amulet of regeneration
rElec   +            m - +5 ring of evasion
rCorr   +            z - +5 ring of evasion
SInv    +            M - ring of ice
Will    +++++        O - ring of see invisible
Stlth   +++          d - ring "Utuidoiv" {rPois rF+ Dex+6}
HPRegen 1.18/turn    W - +6 ring of strength
MPRegen 0.21/turn    E - ring of ice
                     R - ring "Feelu" {*Slow rF+ Will+++ Str+3 Dex+2}

%: slow self (1%), channel magic (40%)
@: about to teleport, resistant, on berserk cooldown, enlightened, flying,
hasted and slowed, drained
A: almost no armour, amphibious, 8 rings, camouflage 1, gelatinous body 1,
(nimble swimmer 1), tentacles, robust 1
a: Renounce Religion, Potion Petition, Call Merchant, Bribe Branch


You were on level 1 of the Elven Halls.
You worshipped Gozag.
Gozag was noncommittal.
You visited 5 branches of the dungeon, and saw 23 of its levels.

You collected 8413 gold pieces.
You spent 4143 gold pieces at shops.
You paid 4188 gold pieces to Gozag.

Inventory:

Armour
 s - a +2 hat of intelligence (worn)
 A - the crystal ball of Wucad Mu (worn) {*channel}
   (You took it off an orc warrior on level 9 of the Dungeon)

   *Channel:  It often returns the magic spent to cast spells, but lowers their
   success rate.
   It always returns the magic spent on miscasts.
Magical Staves
 a - the staff of Qyimit {rF+ rC- Will+ SInv Fire}
   (You took it off a centaur on level 13 of the Dungeon)

   [staff of fire]

   Base accuracy: +5 Base damage: 5 Base attack delay: 1.2 This weapon's minimum
   attack delay (0.6) is reached at skill level 12.
   rF+:       It protects you from fire.
   rC-:       It makes you vulnerable to cold.
   Will+:     It increases your willpower.
   SInv:      It lets you see invisible.
   Fire:      It increases the power of your Fire spells.
   It falls into the 'Staves' category.
   It is a one-tentacled weapon.
 v - a staff of conjuration
 B - a staff of death
 C - a staff of cold
Jewellery
 d - the ring "Utuidoiv" (on tentacle) {rPois rF+ Dex+6}
   (You acquired it on level 3 of the Lair of Beasts)

   [ring of dexterity]

   Dex+6:     It affects your dexterity (+6).
   rF+:       It protects you from fire.
   rPois:     It protects you from poison.
 m - a +5 ring of evasion (left tentacle)
 z - a +5 ring of evasion (right tentacle)
 E - a ring of ice (on tentacle)
 G - an amulet of regeneration (around mantle)
 M - a ring of ice (on tentacle)
 O - a ring of see invisible (on tentacle)
 R - the ring "Feelu" (on tentacle) {*Slow rF+ Will+++ Str+3 Dex+2}
   (You bought it in a shop on level 2 of the Orcish Mines)

   [ring of protection from fire]

   Str+3:     It affects your strength (+3).
   Dex+2:     It affects your dexterity (+2).
   rF+:       It protects you from fire.
   Will+++:   It greatly increases your willpower.
   *Slow:     It may slow you when you take damage.
 W - a +6 ring of strength (on tentacle)
 X - a ring of ice
Talismans
 o - a flux talisman
 K - a blade talisman
Wands
 l - a wand of mindburst (6)
 y - a wand of digging (4)
 I - a wand of warping (20)
Scrolls
 f - 4 scrolls of vulnerability
 g - 9 scrolls of immolation
 h - 3 scrolls of silence
 p - 2 scrolls of poison
 q - a scroll of enchant weapon
 t - 2 scrolls of teleportation
 D - a scroll of fog
 H - a scroll of revelation
 J - a scroll of identify
 N - a scroll of torment
 U - a scroll of enchant armour
 Y - a scroll of noise
Potions
 b - 2 potions of magic
 c - a potion of lignification
 e - a potion of ambrosia
 i - 2 potions of resistance
 k - 3 potions of enlightenment
 r - 4 potions of might
 u - 3 potions of curing
 w - 3 potions of berserk rage
 x - 4 potions of cancellation
 F - 3 potions of haste
 L - 2 potions of invisibility
 T - 4 potions of brilliance
Miscellaneous
 P - a phial of floods (inert)
 S - a lightning rod (3/4)
 V - a phantom mirror


   Skills:
 + Level 11.7 Fighting
 + Level 10.4 Dodging
 - Level 2.6 Stealth
 * Level 7.6 Unarmed Combat
 + Level 10.5 Spellcasting
 + Level 11.2 Conjurations
 - Level 6.2 Hexes
 + Level 4.2 Translocations
 + Level 9.3 Fire Magic
 - Level 6.8 Earth Magic
 - Level 3.7 Alchemy
 - Level 7.2 Evocations
 + Level 4.1 Shapeshifting


You had 4 spell levels left.
You knew the following spells:

 Your Spells              Type           Power      Damage    Failure   Level
a - Stone Arrow           Conj/Erth      100%       3d13      2%          3
b - Sticky Flame          Fire/Alch      51%        2d9       10%         4
c - Inner Flame           Hex/Fire       55%        N/A       3%          3
d - Starburst             Conj/Fire      32%        6d10      22%         6
e - Tukima's Dance        Hex            49%        N/A       4%          3
f - Brom's Barrelling Bo  Conj/Erth      60%        2d8       4%          4
g - Dazzling Flash        Conj/Hex       100%       N/A       2%          3
h - Ozocubu's Armour      Ice            33%        N/A       28%         3
x - Blink                 Tloc           76%        N/A       5%          2

Your spell library contained the following spells:

 Spells                   Type           Power      Damage    Failure   Level
 Sandblast                Erth           100%       2d20      2%          1
 Momentum Strike          Conj/Tloc      100%       3d10      2%          2
 Jinxbite                 Hex            98%        N/A       3%          2
 Flame Wave               Conj/Fire      64%        2d15      3%          4
 Apportation              Tloc           76%        N/A       4%          1
 Passwall                 Erth           52%        N/A       4%          3
 Volatile Blastmotes      Fire/Tloc      100%       2d18      4%          3
 Lesser Beckoning         Tloc           76%        N/A       5%          2
 Iskenderun's Mystic Bla  Conj/Tloc      55%        2d12      7%          4
 Gell's Gravitas          Tloc           38%        N/A       8%          3
 Ignite Poison            Fire/Alch      51%        N/A       10%         4
 Summon Small Mammal      Summ           56%        N/A       12%         1
 Dimensional Bullseye     Hex/Tloc       22%        N/A       13%         4
 Petrify                  Alch/Erth      44%        N/A       13%         4
 Summon Blazeheart Golem  Fire/Summ      41%        N/A       16%         4
 Manifold Assault         Tloc           38%        N/A       17%         4
 Call Canine Familiar     Summ           14%        N/A       28%         3
 Fugue of the Fallen      Necr           14%        N/A       28%         3
 Arcjolt                  Conj/Air       23%        1d33      26%         5
 Alistair's Intoxication  Alch           23%        N/A       43%         5
 Metabolic Englaciation   Hex/Ice        32%        N/A       52%         5
 Summon Forest            Summ/Tloc      13%        N/A       63%         5
 Conjure Ball Lightning   Conj/Air       23%        3x3d6     71%         6
 Eringya's Noxious Bog    Alch           17%        4d6       90%         6
 Sculpt Simulacrum        Ice/Alch       27%        N/A       99%         6
 Summon Hydra             Summ           7%         N/A       100%        7
 Discord                  Hex            24%        N/A       100%        8
 Disjunction              Tloc           19%        N/A       100%        8
 Ignition                 Fire           30%        3d10      100%        8
 Maxwell's Capacitive Co  Air            7%         ∞         100%        8


Dungeon Overview and Level Annotations

Branches:
Dungeon (14/15)            Temple (1/1) D:7            Lair (5/5) D:9
 Shoals (0/4) Lair:2       Spider (0/4) Lair:3        Slime (0/5) Lair:5
    Orc (2/2) D:12            Elf (1/3) Orc:2        Vaults (0/5) D:14

Altars:
Ashenzari
Cheibriados
Dithmenos
Elyvilon
Fedhas
Gozag
Hepliaklqana
Kikubaaqudgha
Makhleb
Nemelex Xobeh
Okawaru
Qazlal
Ru
Sif Muna
Trog
Uskayaw
Vehumet
Wu Jian
Xom
Yredelemnul
Zin
The Shining One
Beogh

Shops:
D:4 [   D:5 !   D:11 (:*   Orc:2 :([*   Lair:1 !:?

Portals:
Trove: D:13 (give 3 potions of resistance)

Annotations:
Lair:4 exclusion: oklob plant


Innate Abilities, Weirdness & Mutations

You cannot wear most types of armour.
You are amphibious.
You can wear up to eight rings at the same time.
Your skin changes colour to match your surroundings (Stealth+).
Your rubbery body absorbs attacks. (AC +1, EV +1)
((You are camouflaged when in or above water. (Stealth+)))
You have tentacles for arms and can constrict up to eight enemies at once.
You are robust. (+10% HP)


Message History

Press: ? - help, Dir - move target, f - deep elf death mage
Aim: a deep elf death mage, wielding a +0 dagger and wearing a +0 chain mail (blue smoke) Nothing appears to happen.
The lost soul fades away!
The deep elf death mage misses you.
Unknown command.
Aiming: Phantom Mirror
Press: ? - help, Dir - move target, f/p - deep elf death mage
Aim: a deep elf death mage, wielding a +0 dagger and wearing a +0 chain mail (blue smoke) Nothing appears to happen.
The deep elf death mage hits you with a +0 dagger!
* * * LOW HITPOINT WARNING * * *
Unknown command.
Okay, then.
Okay, then.
The deep elf death mage attacks as it pursues you!
The deep elf death mage hits you with a +0 dagger.
* * * LOW HITPOINT WARNING * * *
Unknown command.
Unknown command.
Unknown command.
As you read the scroll of teleportation, it crumbles to dust.
You feel strangely unstable.
The deep elf death mage casts a spell at you.
The bolt of negative energy hits you!!
You feel drained.
* * * LOW HITPOINT WARNING * * *
Unknown command.
Unknown command.
Okay, then.
You feel better.
The deep elf death mage completely misses you.
Unknown command.
You feel better.
The deep elf death mage hits you with a +0 dagger.
* * * LOW HITPOINT WARNING * * *
Unknown command.
You feel better.
The deep elf elementalist gestures next to you while chanting.
The wall shatters!
The blast of rock fragments hits you!!!
You die...
Your body crumbles into a pile of gold.

### ##..). #+#.##+ #.<)..
#..§§§# ####.....
...#####e§§§§+ ...'...[.
.?...$*$e§§§e## ####....)
####'*####§##§## #.....
........#.###e## ###
+#.... #..# #..#.####e##
###.### ##... #.
#.e#..####@###.....+##
#### # ..'..#...#
##'.........# '..'.
#.#.#####.........# #?:#.
#......('.........#
####..#.#######....)(...+
.....#.# #....>....#
''####.# ##'.....### .
..# ##.###.### ### ##.##
###


You could see a deep elf death mage, a deep elf elementalist (fast, repels
missiles) and a deep elf zephyrmancer.

Vanquished Creatures
  An orc warlord (Orc:2)
  A deep elf death mage (Elf:1)
  A dire elephant (Lair:5)
  A fire dragon (Lair:5)
  Josephine (Lair:5)
  5 hydras
  8 vault guards (D:14)
  4 centaur warriors
  The ghost of adelrune the Skirmisher, a journeyman CoHu of Hepliaklqana (D:9)
  A catoblepas (Lair:5)
  4 two-headed ogres
  3 death yaks (Lair:5)
  2 boulder beetles
  Erica (D:12)
  A tengu warrior (D:12)
  An orc high priest (Orc:2)
  Sonja (D:10)
  3 deep elf knights (Elf:1)
  2 skysharks
  An orb spider (Lair:3)
  3 lindwurms
  A swamp dragon (Lair:5)
  Pikel (D:7)
  2 deep elf archers (Elf:1)
  11 deep elf pyromancers
  3 orc knights
  A deep elf zephyrmancer (Elf:1)
  An oklob plant (Lair:4)
  8 ugly things
  A wolf spider (Lair:5)
  3 orc sorcerers
  7 cyclopes
  Maurice (D:12)
  8 manticores
  A merfolk siren (Lair:2)
  A meliai (shapeshifter) (D:13)
  4 black mambas
  7 elephants
  2 kobold blastminers (Orc:2)
  4 rime drakes
  8 cane toads
  2 torpor snails (Lair:5)
  A kobold demonologist (D:13)
  An efreet (D:14)
  11 komodo dragons
  2 tengu conjurers (D:13)
  10 trolls
  A polar bear (shapeshifter) (D:14)
  2 polar bears
  7 blink frogs
  A raiju (shapeshifter) (D:14)
  A blink frog (shapeshifter) (Elf:1)
  9 dream sheep (Lair:5)
  An air elemental (Elf:1)
  A shadow (D:9)
  Sigmund (D:3)
  2 vampires
  A human (shapeshifter) (D:14)
  7 slime creatures (D:12)
  35 yaks
  6 wraiths
  2 wyverns
  7 basilisks
  A basilisk (shapeshifter) (D:13)
  9 steam dragons
  2 wargs
  9 vampire mosquitoes
  Edmund (D:4)
  6 acid dragons
  12 water moccasins
  2 swamp drakes (Lair:5)
  20 orc warriors
  An ice beast (D:6)
  4 black bears
  3 ogres
  A black bear (shapeshifter) (D:13)
  A sky beast (D:7)
  2 wolves (Lair:5)
  18 centaurs
  3 phantoms
  A lemure (D:7)
  2 kobold brigands
  Blork the orc (Orc:2)
  18 bullfrogs
  A gnoll sergeant (D:10)
  5 scorpions
  5 killer bees (D:9)
  3 howler monkeys
  An electric eel (D:14)
  2 bombardier beetles
  2 hounds
  2 jellies
  14 orc priests
  A sleepcap (D:5)
  Jessica (D:2)
  6 iguanas
  25 orc wizards
  Robin (D:2)
  10 adders
  4 gnolls (D:10)
  2 white imps
  2 ufetubi (D:6)
  3 dart slugs
  60 orcs
  7 bats
  9 endoplasms
  4 giant cockroaches
  15 hobgoblins
  2 quokkas (D:4)
  4 ball pythons
  A frilled lizard (D:1)
  11 goblins
  10 kobolds
  3 rats
565 creatures vanquished.

Vanquished Creatures (others)
  An orc (Orc:1)
1 creature vanquished.

Grand Total: 566 creatures vanquished

Notes
Turn   | Place    | Note
-------+----------+-------------------------------------------
     0 | D:1      | zenocrate the Octopode Earth Elementalist began the quest
                  | for the Orb.
     0 | D:1      | Reached XP level 1. HP: 11/11 MP: 3/3
   183 | D:1      | Reached XP level 2. HP: 17/17 MP: 5/5
   588 | D:1      | Reached XP level 3. HP: 15/21 MP: 6/6
   592 | D:1      | Learned a level 3 spell: Stone Arrow
   593 | D:1      | Found a faded altar of an unknown god.
   803 | D:2      | Noticed Jessica
   806 | D:2      | Killed Jessica
   807 | D:2      | Reached skill level 1 in Unarmed Combat
   871 | D:2      | Reached XP level 4. HP: 26/27 MP: 2/7
   871 | D:2      | Noticed Robin
   877 | D:2      | Killed Robin
  1003 | D:2      | You fall into a shaft and drop 1 floor!
  1022 | D:3      | Found Symishro's Distillery.
  2003 | D:2      | Learned a level 4 spell: Brom's Barrelling Boulder
  2067 | D:3      | Bought a potion of heal wounds for 60 gold pieces
  2123 | D:3      | Noticed Sigmund
  2131 | D:3      | Killed Sigmund
  2132 | D:3      | Reached XP level 5. HP: 18/31 MP: 5/10
  2132 | D:3      | Reached XP level 6. HP: 21/36 MP: 5/11
  2665 | D:4      | Found a radiant altar of Vehumet.
  2827 | D:4      | Gained mutation: You have a pair of small antennae on your
                  | head. [potion of mutation]
  3040 | D:4      | Reached XP level 7. HP: 41/41 MP: 5/12
  3040 | D:4      | Noticed Edmund
  3135 | D:4      | Found Ygiriysi's Armour Boutique.
  3465 | D:4      | Killed Edmund
  3568 | D:4      | Reached skill level 5 in Earth Magic
  3663 | D:4      | Found a stormy altar of Qazlal.
  3762 | D:5      | Entered Level 5 of the Dungeon
  3872 | D:5      | Found a white marble altar of Elyvilon.
  4050 | D:5      | Found Rucika's Distillery.
  4398 | D:5      | Reached XP level 8. HP: 47/47 MP: 10/14
  4410 | D:5      | Reached skill level 1 in Fighting
  4602 | D:5      | Learned a level 4 spell: Petrify
  4977 | D:6      | Reached skill level 1 in Evocations
  5080 | D:6      | Found a shadowy altar of Dithmenos.
  5237 | D:6      | Reached skill level 5 in Spellcasting
  5237 | D:6      | Reached skill level 5 in Conjurations
  5392 | D:6      | Found a sacrificial altar of Ru.
  5490 | D:6      | Noticed a two-headed ogre
  5658 | D:6      | Killed a two-headed ogre
  5659 | D:6      | Reached XP level 9. HP: 25/58 MP: 2/17
  6626 | D:7      | Reached skill level 1 in Fire Magic
  6705 | D:7      | Found a staircase to the Ecumenical Temple.
  6803 | Temple   | Entered the Ecumenical Temple
  6812 | Temple   | Became a worshipper of Gozag Ym Sagoz the Greedy
  6872 | D:7      | Noticed Pikel
  6892 | D:7      | Killed Pikel
  6893 | D:7      | Reached XP level 10. HP: 44/65 MP: 3/19
  7046 | D:7      | Found a hide-covered altar of Uskayaw.
  7191 | D:7      | Identified the +11 spear of the Sage {freeze, Will+ Str+2}
  7955 | D:8      | Learned a level 3 spell: Tukima's Dance
  8034 | D:8      | Reached skill level 5 in Fighting
  8034 | D:8      | Reached skill level 5 in Evocations
  8044 | D:8      | Learned a level 6 spell: Starburst
  8827 | D:9      | Reached skill level 1 in Alchemy
  9327 | D:9      | Reached XP level 11. HP: 72/72 MP: 11/21
  9740 | D:9      | Found a staircase to the Lair.
  9927 | D:9      | Found a runed translucent gate.
  9928 | D:9      | Found a runed translucent gate.
  9929 | D:9      | Found a runed translucent gate.
  9931 | D:9      | Noticed adelrune's ghost (journeyman CoHu)
  9940 | D:9      | Found an iron altar of Okawaru.
  9955 | D:9      | Found a shimmering altar of Xom.
  9959 | D:9      | Noticed an angel
  9959 | D:9      | Noticed a two-headed ogre
  9964 | D:9      | Killed a two-headed ogre
 10036 | D:9      | Found a glowing silver altar of Zin.
 10318 | D:9      | Found a roughly hewn altar of Beogh.
 10391 | D:10     | Entered Level 10 of the Dungeon
 10396 | D:10     | Reached skill level 5 in Dodging
 10561 | D:10     | Found a broken altar of Ashenzari.
 10783 | D:10     | Noticed Sonja
 10788 | D:10     | Killed Sonja
 11207 | D:10     | Learned a level 3 spell: Inner Flame
 11843 | Lair:1   | Entered Level 1 of the Lair of Beasts
 11862 | Lair:1   | Bought a potion of curing for 36 gold pieces
 11862 | Lair:1   | Bought 2 potions of curing for 72 gold pieces
 11862 | Lair:1   | Bought a potion of curing for 36 gold pieces
 11862 | Lair:1   | Bought a potion of might for 48 gold pieces
 11862 | Lair:1   | Bought a potion of curing for 36 gold pieces
 11862 | Lair:1   | Bought a potion of invisibility for 96 gold pieces
 11862 | Lair:1   | Bought a potion of haste for 120 gold pieces
 12061 | Lair:1   | Found a dark tunnel.
 12291 | Lair:1   | Reached skill level 5 in Fire Magic
 12418 | Lair:1   | Reached skill level 1 in Hexes
 12604 | Lair:1   | Reached XP level 12. HP: 80/80 MP: 10/23
 12945 | Lair:1   | Learned a level 4 spell: Sticky Flame
 13281 | Lair:2   | Noticed a skyshark
 13349 | Lair:2   | Killed a skyshark
 13731 | Lair:2   | Found a staircase to the Shoals.
 13786 | Lair:2   | Got the Enchiridion on Planar Battle Magic
 14395 | Lair:3   | Identified a scroll of acquirement
 14397 | Lair:3   | Acquired the ring "Utuidoiv" {rPois rF+ Dex+6}
 15309 | Lair:3   | Found a hole to the Spider Nest.
 16160 | Lair:3   | Noticed a five-headed hydra
 16646 | Lair:3   | Killed a five-headed hydra
 16783 | Lair:3   | Identified the +1 glaive of the Middle {drain, Int+4
                  | Stlth+}
 16830 | Lair:4   | Reached XP level 13. HP: 86/90 MP: 14/25
 16964 | Lair:4   | Learned a level 3 spell: Dazzling Flash
 18113 | Lair:4   | Found the +1 robe of Vines {NoPotionHeal Regen++++}
 18556 | Lair:4   | Lost mutation: You have a pair of small antennae on your
                  | head. [potion of mutation]
 18556 | Lair:4   | Gained mutation: Your health recovers twice as slowly from
                  | being drained. [potion of mutation]
 18556 | Lair:4   | Gained mutation: Your muscles are strong. (Str +4, Int/Dex
                  | -1) [potion of mutation]
 18556 | Lair:4   | Gained mutation: Your system is resistant to poisons.
                  | (rPois) [potion of mutation]
 18558 | Lair:5   | Entered Level 5 of the Lair of Beasts
 19204 | Lair:5   | Reached skill level 5 in Hexes
 19271 | Lair:5   | Noticed Josephine
 19282 | Lair:5   | Killed Josephine
 19303 | Lair:5   | Reached skill level 10 in Fighting
 19521 | Lair:5   | Found a staircase to the Slime Pits.
 20663 | Lair:5   | Reached skill level 10 in Conjurations
 20663 | Lair:5   | Reached XP level 14. HP: 87/99 MP: 1/27
 21018 | Lair:5   | Noticed a dire elephant
 22070 | D:5      | Bought a potion of enlightenment for 55 gold pieces
 22070 | D:5      | Bought a potion of invisibility for 88 gold pieces
 22070 | D:5      | Bought a potion of curing for 33 gold pieces
 22070 | D:5      | Bought a potion of cancellation for 88 gold pieces
 22070 | D:5      | Bought a potion of brilliance for 44 gold pieces
 22128 | D:3      | Bought a potion of haste for 120 gold pieces
 22128 | D:3      | Bought a potion of curing for 36 gold pieces
 22128 | D:3      | Bought a potion of lignification for 36 gold pieces
 22128 | D:3      | Bought a potion of lignification for 36 gold pieces
 22128 | D:3      | Bought a potion of brilliance for 48 gold pieces
 22128 | D:3      | Bought a potion of cancellation for 96 gold pieces
 22128 | D:3      | Bought a potion of brilliance for 48 gold pieces
 22393 | Lair:5   | Reached skill level 5 in Unarmed Combat
 22596 | Lair:5   | Killed a dire elephant
 22779 | Lair:5   | Got Hurphuuj's Incunabulum of Quicksand and the Tropics
 23014 | Lair:1   | Lost mutation: Your health recovers twice as slowly from
                  | being drained. [potion of mutation]
 23014 | Lair:1   | Lost mutation: Your system is resistant to poisons. (rPois)
                  | [potion of mutation]
 23014 | Lair:1   | Lost mutation: Your muscles are strong. (Str +4, Int/Dex
                  | -1) [potion of mutation]
 23014 | Lair:1   | Gained mutation: You are dopey. (Int -2) [potion of
                  | mutation]
 23016 | Lair:1   | Lost mutation: You are dopey. (Int -2) [potion of mutation]
 23016 | Lair:1   | Gained mutation: You are robust. (+10% HP) [potion of
                  | mutation]
 23016 | Lair:1   | Gained mutation: You expend magic power (3 MP) to
                  | strengthen your wands. [potion of mutation]
 23016 | Lair:1   | Lost mutation: You expend magic power (3 MP) to strengthen
                  | your wands. [potion of mutation]
 23147 | D:9      | Killed adelrune's ghost
 24036 | D:11     | Found Xemululo's General Store.
 24042 | D:11     | Bought a scroll of identify for 30 gold pieces
 24268 | D:11     | Found Welakloga's Book Emporium.
 24274 | D:11     | Found Wizuonucs's Antique Weapon Shop.
 24276 | D:11     | Bought a book of Spatial Translocations for 270 gold pieces
 24279 | D:11     | Learned a level 2 spell: Blink
 24694 | D:12     | Reached skill level 1 in Shapeshifting
 24990 | D:12     | Found a staircase to the Orcish Mines.
 25884 | D:13     | Identified the staff of Qyimit {rF+ rC- Will+ SInv Fire}
 25888 | D:13     | Reached skill level 1 in Translocations
 26272 | D:13     | Reached skill level 10 in Spellcasting
 26415 | D:13     | Learned a level 3 spell: Ozocubu's Armour
 26481 | D:13     | Found a portal to a secret trove of treasure.
 26669 | D:13     | Identified the +5 long sword "Burigerch" {spect, rC- rCorr
                  | Str+2 Dex+5}
 27007 | D:13     | Acquired 790 gold pieces
 27177 | Lair:1   | Bought a scroll of acquirement for 728 gold pieces
 27177 | Lair:1   | Acquired 970 gold pieces
 27292 | Orc:1    | Entered Level 1 of the Orcish Mines
 27310 | Orc:1    | Noticed Maurice
 27329 | Orc:1    | Noticed Erica
 27571 | D:12     | Killed Maurice
 27622 | D:12     | Killed Erica
 28120 | Orc:2    | Entered Level 2 of the Orcish Mines
 28358 | Orc:2    | Noticed an orc warlord
 28381 | Orc:2    | Killed an orc warlord
 28382 | Orc:2    | Reached XP level 15. HP: 103/116 MP: 12/29
 28910 | Orc:2    | Noticed Blork the orc
 29060 | Orc:2    | Found a roughly hewn altar of Beogh.
 29074 | Orc:2    | Killed Blork the orc
 29191 | Orc:2    | Found Kaeteg's Book Boutique.
 29200 | Orc:2    | Found Arphuogo's Antique Armour Boutique.
 29308 | Orc:2    | Found Ogeaddith's Antique Weapon Boutique.
 29380 | Orc:2    | Found a staircase to the Elven Halls.
 29532 | Orc:2    | Found Kibejux's General Store.
 29538 | Orc:2    | Bought a phial of floods for 520 gold pieces
 29538 | Orc:2    | Bought the ring "Feelu" {*Slow rF+ Will+++ Str+3 Dex+2} for
                  | 843 gold pieces
 29538 | Orc:2    | Bought a lightning rod (4/4) for 520 gold pieces
 30735 | D:14     | Reached skill level 10 in Dodging
 31329 | D:14     | Found a gate to the Vaults.
 31355 | D:14     | HP: 5/117 [vault guard/+1 great sword (29)]
 31950 | Elf:1    | Entered Level 1 of the Elven Halls
 32443 | Elf:1    | Paralysed by an air elemental for 1 turns
 32458 | Elf:1    | Noticed a deep elf elementalist
 32458 | Elf:1    | Noticed a deep elf elementalist
 32744 | Elf:1    | HP: 4/112 [deep elf death mage/bolt of negative energy
                  | (29)]
 32747 | Elf:1    | Killed from afar by a deep elf elementalist

Illustrated notes

Levels and vault maps discovered:
D:1:      dpeg_arrival_central, layout_rooms, chequers_ecumenical_altar_simple,
          serial_forest, infiniplex_forest_lined_2, infiniplex_forest_split,
          infiniplex_forest_zigzag_1, infiniplex_forest_lined_2,
          infiniplex_forest_clump_medium, infiniplex_forest_clump_diagonal,
          infiniplex_forest_lined_2, infiniplex_forest_clump_cross,
          infiniplex_forest_lined_corner, palyth_stone_intersect
D:2:      layout_basic, serial_co_window_serial, co_window_paths_a,
          co_window_of_opportunity_a, co_window_paths_b, co_window_paths_a,
          co_window_paths_a, co_window_corner_b, co_window_of_opportunity_b,
          co_window_unsneaky_path_e, co_window_broadway_a, co_window_4corner_b,
          glass_columns_b, glass_columns_a, uniq_jessica, uniq_robin
D:3:      corexii_shack_village, layout_rooms, serial_shops,
          nicolae_shop_window_shopping, uniq_sigmund
D:4:      layout_loops_ring, nicolae_qazlal_eye_of_the_storm,
          nicolae_vehumet_radiance, serial_shops, shop, uniq_edmund
D:5:      layout_cave_pods, elyvilon_altar_1, serial_shops,
          nicolae_shop_statue_plus
D:6:      minmay_clustersquares, layout_cave_pools, nicolae_ru_path_of_blood,
          mainiacjoe_overflow_alcove_4, serial_park_tiny_pond, solitary_fountain
D:7:      layout_gridville, mainiacjoe_overflow_paths,
          minmay_temple_entry_statues_pillars, uniq_pikel
D:8:      layout_cave_pools
D:9:      layout_cave_pods, grunt_temple_overflow_order_and_chaos_1,
          okawaru_gym_becter, david_lair_shrubbed, biasface_ghost_orc_armoury
D:10:     cheibrodos_steamvent, layout_long_grid, ashenzari_altar_1, uniq_sonja
D:11:     layout_irregular_city, serial_shops, nicolae_shop_getting_attention,
          nicolae_stop_n_shop_2, nicolae_shop_pleasant_corner_grove,
          grunt_ministairs_8
D:12:     layout_stronghold, orc_0_dummy
D:13:     layout_stronghold, enter_trove_3, grunt_potential
D:14:     layout_loops_corners, erik_vaults_2, serial_bayou_shore_a,
          minivault_20, kennysheep_generic_room_2
Temple:   nicolae_temple_ecumenical_triangle
Lair:1:   layout_hall_layers, nicolae_volcano_entry_two_sided
Lair:2:   layout_roguey, minmay_shoals_entry_lonely_mermaid,
          grunt_forest_small_clearing_treed, lemuel_fruit_fields
Lair:3:   cheibrodos_lair_river_kwai, layout_layer_cave,
          nicolae_spider_entry_orb_guardian
Lair:4:   layout_cave_pods, roderic_carrion_pond, hellmonk_guarded_unrand_vines,
          grunt_megastairs_3
Lair:5:   guppyfry_lair_end_dragon, layout_cave_pods, hangedman_lair_in_review,
          slime_entry_1, serial_bayou_lagoon_a, st_stairs_9,
          nicolae_lair_grove_arrangements, uniq_josephine
Orc:1:    layout_caves, uniq_erica, uniq_maurice
Orc:2:    grunt_orc_cross, layout_caves
Elf:1:    layout_geoelf_diagonals, guppyfry_library_mini, minmay_shop_grove

Skill      XL: |  1  2  3  4  5  6  7  8  9 10 11 12 13 14 15 |
---------------+----------------------------------------------+-----
Unarmed Combat | 1 2 3 4 6 7 |  7.6
Conjurations   | 2 3 4 5 6 7 8 9 10 11 | 11.2
Spellcasting   | 3 4 5 6 7 8 9 10 | 10.5
Earth Magic    | 4 5 6 |  6.8
Fighting       | 3 4 5 6 8 10 11 | 11.7
Evocations     | 3 4 6 7 |  7.2
Fire Magic     | 2 3 5 6 7 8 9 |  9.3
Dodging        | 3 4 6 7 8 9 10 | 10.4
Alchemy        | 1 3 |  3.7
Hexes          | 1 4 5 6 |  6.2
Shapeshifting  | 2 4 |  4.1
Translocations | 2 4 |  4.2
Stealth        | |  2.6

Action                     |  1- 3 |  4- 6 |  7- 9 | 10-12 | 13-15 || total
---------------------------+-------+-------+-------+-------+-------++-------
  Melee: Unarmed           |     6 |       |       |    96 |    48 ||   150
         Tentacles         |     7 |    17 |    22 |    32 |    73 ||   151
         Dagger            |    19 |    78 |    61 |       |       ||   158
         Constrict         |     5 |    27 |    18 |    15 |    45 ||   110
         Staff             |       |       |    12 |    76 |   167 ||   255
         Punch             |       |       |       |     5 |     4 ||     9
  Throw: Throwing net      |       |       |       |       |     1 ||     1
   Cast: Sandblast         |    13 |    15 |     3 |     1 |       ||    32
         Stone Arrow       |     1 |     6 |    76 |   249 |   475 ||   807
         Inner Flame       |       |       |       |     8 |    27 ||    35
         Sticky Flame      |       |       |       |     3 |    64 ||    67
         Brom's Barrelling |       |       |       |       |     1 ||     1
         Blink             |       |       |       |       |     2 ||     2
         Starburst         |       |       |       |       |     4 ||     4
 Invoke: Call Merchant     |       |       |       |     1 |     2 ||     3
         Potion Petition   |       |       |       |       |     4 ||     4
  Evoke: Wand              |       |       |     4 |    13 |    18 ||    35
         Phantom mirror    |       |       |       |       |     3 ||     3
         Lightning rod     |       |       |       |       |     4 ||     4
         Phial of floods   |       |       |       |       |     1 ||     1
    Use: Scroll            |       |     1 |     5 |    16 |    18 ||    40
         Potion            |       |     3 |     2 |     4 |    18 ||    27
   Stab: Sleeping          |     5 |    12 |     2 |       |     2 ||    21
         Distracted        |       |     1 |       |     1 |       ||     2
         Paralysed         |       |       |       |       |     4 ||     4
 Armour: Skin              |     9 |    36 |    39 |   177 |   301 ||   562
  Dodge: Dodged            |    20 |    48 |    82 |   289 |   593 ||  1032

Table legend: (Time is in decaauts)
 A = Elapsed time spent in this place.
 B = Non-inter-level travel time spent in this place.
 C = Inter-level travel time spent in this place.
 D = Time resting spent in this place.
 E = Time spent auto-exploring this place.
 F = Levels seen in this place.
 G = Mean time per level.
                   A        B        C        D        E       F      G
               +--------+--------+--------+--------+--------+-----+--------+
         Total |  32849 |  30802 |   2047 |    816 |  25716 |  23 | 1428.2 |
       Dungeon |  18750 |  17195 |   1555 |    237 |  14718 |  14 | 1339.3 |
        Temple |     16 |      2 |     14 |      0 |      0 |   1 |   16.0 |
          Lair |  11186 |  10793 |    393 |    261 |   9044 |   5 | 2237.2 |
  Orcish Mines |   2330 |   2247 |     83 |    140 |   1735 |   2 | 1165.0 |
   Elven Halls |    564 |    564 |      0 |    178 |    219 |   1 |  564.0 |
               +--------+--------+--------+--------+--------+-----+--------+

Top non-repeatable levels by time:
  Lair:5: 3247 daAuts
     D:9: 2553 daAuts
  Lair:4: 2484 daAuts
  Lair:3: 2301 daAuts
    D:14: 1965 daAuts
  Lair:2: 1695 daAuts
     D:7: 1665 daAuts
    D:12: 1479 daAuts
  Lair:1: 1457 daAuts
    D:10: 1449 daAuts
   Orc:2: 1436 daAuts
    D:13: 1301 daAuts
     D:6: 1268 daAuts
     D:2: 1238 daAuts
     D:5: 1213 daAuts
